Workbook
Name \0: #REF!
Name \0: #REF!
Name \00: #REF!
Name \00: #REF!
Name \a: #REF!
Name \a: #REF!
Name \AA: [1]LIQUIDACION!#REF!
Name \AA: [1]LIQUIDACION!#REF!
Name \b: '[2]CUAD-DIURNA'!#REF!
Name \b: '[2]CUAD-DIURNA'!#REF!
Name \bb: [3]STRSUMM0!#REF!
Name \bb: [3]STRSUMM0!#REF!
Name \c: #REF!
Name \c: #REF!
Name \E: #REF!
Name \E: #REF!
Name \EE: #REF!
Name \EE: #REF!
Name \G: #REF!
Name \k: '[4]7422CW00'!#REF!
Name \L: #REF!
Name \L: #REF!
Name \m: #REF!
Name \m: #REF!
Name \ñ: '[5]7422CW00'!#REF!
Name \ñ: '[5]7422CW00'!#REF!
Name \P: #REF!
Name \P: #REF!
Name \q: #REF!
Name \q: #REF!
Name \R: #REF!
Name \R: #REF!
Name \s: #REF!
Name \V: #REF!
Name \w: #N/A
Name \X: 'PUNTAJE OFERTA'!ERR
Name \X: [0]!ERR
Name \Z: 'PUNTAJE OFERTA'!ERR
Name \Z: [0]!ERR
Name _______________AFC1: [6]INV!$A$25:$D$28
Name _______________AFC3: [6]INV!$F$25:$I$28
Name _______________AFC5: [6]INV!$K$25:$N$28
Name _______________BGC1: [6]INV!$A$5:$D$8
Name _______________BGC3: [6]INV!$F$5:$I$8
Name _______________BGC5: [6]INV!$K$5:$N$8
Name _______________CAC1: [6]INV!$A$19:$D$22
Name _______________CAC3: [6]INV!$F$19:$I$22
Name _______________CAC5: [6]INV!$K$19:$N$22
Name _______________oa55: #REF!
Name _______________oa55: #REF!
Name _______________SBC1: [6]INV!$A$12:$D$15
Name _______________SBC3: [6]INV!$F$12:$I$15
Name _______________SBC5: [6]INV!$K$12:$N$15
Name ______________AFC1: [6]INV!$A$25:$D$28
Name ______________AFC3: [6]INV!$F$25:$I$28
Name ______________AFC5: [6]INV!$K$25:$N$28
Name ______________BGC1: [6]INV!$A$5:$D$8
Name ______________BGC3: [6]INV!$F$5:$I$8
Name ______________BGC5: [6]INV!$K$5:$N$8
Name ______________CAC1: [6]INV!$A$19:$D$22

Sheet CUMP. GENERAL
D2: INSTITUTO NACIONAL DE VIAS
D4: EVALUACION GENERAL SA-MC-DT-BOL-001-2024
D5: "MEJORAMIENTO Y MANTENIMIENTO DE VÍAS RURALES EN EL MUNICIPIO DE SANTA ROSA DEL SUR DEP BOLIVAR, EN LA RED TERCIARIA A CARGO DEL INVIAS. CODIGOS 70650, 70652, 70657, 70653, 70613, 70667, 70651, 70606, 70649, 70675, 70648”
D6: RESUMEN EVALUACIÓN SA-MC-DT-BOL-001-2024
D8: CUMPLIMIENTO POR PROPONENTE
D9: CUENTA | E9: No. | F9: PROPONENTE | G9: CAPACIDAD JURÍDICA | H9: CAPACIDAD FINANCIERA | I9: CAPACIDAD ORGANIZACIONAL | J9: CALIFICACIÓN RESIDUAL | K9: CALIFICACIÓN TECNICA | L9: CALIFICACION DEFINITIVA
G11: (CUMPLE / NO CUMPLE) | H11: (CUMPLE / NO CUMPLE) | I11: (CUMPLE / NO CUMPLE) | J11: (CUMPLE / NO CUMPLE) | K11: (CUMPLE / NO CUMPLE) | L11: (CUMPLE / NO CUMPLE)
D12: 1 | E12: 1 | F12: ARMELCO SAS | G12: CUMPLE | H12: CUMPLE | I12: CUMPLE | J12: CUMPLE | K12: CUMPLE | L12: CUMPLE
D13: 2 | E13: 2 | F13: CONSORCIO ODN3C-01 | G13: CUMPLE | H13: RECHAZO | I13: RECHAZO | J13: RECHAZO | K13: CUMPLE | L13: RECHAZO
D14: 3 | E14: 3 | F14: PANAMERA SAS | G14: CUMPLE | H14: CUMPLE | I14: CUMPLE | J14: CUMPLE | K14: CUMPLE | L14: CUMPLE
D15: 4 | E15: 4 | F15: DAVILA GOMEZ INGENIERIA Y CONSTRUCCION S.A.S | G15: CUMPLE | H15: CUMPLE | I15: CUMPLE | J15: CUMPLE | K15: CUMPLE | L15: CUMPLE
D16: 5 | E16: 5 | F16: CONSORCIO INFRAESTRUCTURA 2024 | G16: CUMPLE | H16: CUMPLE | I16: CUMPLE | J16: CUMPLE | K16: CUMPLE | L16: CUMPLE
D17: 6 | E17: 6 | F17: CONSORCIO JC | G17: RECHAZO | H17: RECHAZO | I17: RECHAZO | J17: RECHAZO | K17: RECHAZO | L17: RECHAZO
D18: 7 | E18: 7 | F18: SONA INGENIEROS SAS | G18: CUMPLE | H18: CUMPLE | I18: CUMPLE | J18: CUMPLE | K18: CUMPLE | L18: CUMPLE

Sheet EV. OFERTAS ECONOMICAS
B2: PROPONENTE No 1: ARMELCO SAS | O2: PROPONENTE No 2: CONSORCIO ODN3C-01 | AB2: PROPONENTE No 3: PANAMERA SAS | AO2: PROPONENTE No 4: DAVILA GOMEZ INGENIERIA Y CONSTRUCCION S.A.S | BB2: PROPONENTE No 5: CONSORCIO INFRAESTRUCTURA 2024 | BO2: PROPONENTE No 7: SONA INGENIEROS SAS
B4: INSTITUTO NACIONAL DE VIAS | O4: INSTITUTO NACIONAL DE VIAS | AB4: INSTITUTO NACIONAL DE VIAS | AO4: INSTITUTO NACIONAL DE VIAS | BB4: INSTITUTO NACIONAL DE VIAS | BO4: INSTITUTO NACIONAL DE VIAS
B5: DIRECCIÓN TERRITORIAL BOLIVAR | O5: DIRECCIÓN TERRITORIAL BOLIVAR | AB5: DIRECCIÓN TERRITORIAL BOLIVAR | AO5: DIRECCIÓN TERRITORIAL BOLIVAR | BB5: DIRECCIÓN TERRITORIAL BOLIVAR | BO5: DIRECCIÓN TERRITORIAL BOLIVAR
B6: SA-MC-DT-BOL-001-2024 | O6: SA-MC-DT-BOL-001-2024 | AB6: SA-MC-DT-BOL-001-2024 | AO6: SA-MC-DT-BOL-001-2024 | BB6: SA-MC-DT-BOL-001-2024 | BO6: SA-MC-DT-BOL-001-2024
B8: MEJORAMIENTO Y MANTENIMIENTO DE VÍAS RURALES EN EL MUNICIPIO DE SANTA ROSA DEL SUR DEP BOLIVAR, EN LA RED TERCIARIA A CARGO DEL INVIAS. CODIGOS 70650, 70652, 70657, 70653, 70613, 70667, 70651, 70606, 70649, 70675, 70648 | O8: MEJORAMIENTO Y MANTENIMIENTO DE VÍAS RURALES EN EL MUNICIPIO DE SANTA ROSA DEL SUR DEP BOLIVAR, EN LA RED TERCIARIA A CARGO DEL INVIAS. CODIGOS 70650, 70652, 70657, 70653, 70613, 70667, 70651, 70606, 70649, 70675, 70648 | AB8: MEJORAMIENTO Y MANTENIMIENTO DE VÍAS RURALES EN EL MUNICIPIO DE SANTA ROSA DEL SUR DEP BOLIVAR, EN LA RED TERCIARIA A CARGO DEL INVIAS. CODIGOS 70650, 70652, 70657, 70653, 70613, 70667, 70651, 70606, 70649, 70675, 70648 | AO8: MEJORAMIENTO Y MANTENIMIENTO DE VÍAS RURALES EN EL MUNICIPIO DE SANTA ROSA DEL SUR DEP BOLIVAR, EN LA RED TERCIARIA A CARGO DEL INVIAS. CODIGOS 70650, 70652, 70657, 70653, 70613, 70667, 70651, 70606, 70649, 70675, 70648 | BB8: MEJORAMIENTO Y MANTENIMIENTO DE VÍAS RURALES EN EL MUNICIPIO DE SANTA ROSA DEL SUR DEP BOLIVAR, EN LA RED TERCIARIA A CARGO DEL INVIAS. CODIGOS 70650, 70652, 70657, 70653, 70613, 70667, 70651, 70606, 70649, 70675, 70648 | BO8: MEJORAMIENTO Y MANTENIMIENTO DE VÍAS RURALES EN EL MUNICIPIO DE SANTA ROSA DEL SUR DEP BOLIVAR, EN LA RED TERCIARIA A CARGO DEL INVIAS. CODIGOS 70650, 70652, 70657, 70653, 70613, 70667, 70651, 70606, 70649, 70675, 70648
B9: FORMULARIO 2 - OFERTA ECONOMICA | O9: FORMULARIO 2 - OFERTA ECONOMICA | AB9: FORMULARIO 1 - PRESUPUESTO OFICIAL | AO9: FORMULARIO 2 - OFERTA ECONOMICA | BB9: FORMULARIO 2 - OFERTA ECONOMICA | BO9: FORMULARIO 2 - OFERTA ECONOMICA
B12: MUNICIPIO | F12: VIA | H12: Long (Km) | I12: PR Inicial | K12: PR Final | O12: MUNICIPIO | S12: VIA | U12: Long (Km) | V12: PR Inicial | X12: PR Final | AB12: MUNICIPIO | AF12: VIA | AH12: Long (Km) | AI12: PR Inicial | AK12: PR Final | AO12: MUNICIPIO | AS12: VIA | AU12: Long (Km) | AV12: PR Inicial | AX12: PR Final | BB12: MUNICIPIO | BF12: VIA | BH12: Long (Km) | BI12: PR Inicial | BK12: PR Final | BO12: MUNICIPIO | BS12: VIA | BU12: Long (Km) | BV12: PR Inicial | BX12: PR Final
B13: SANTA ROSA DEL SUR | F13: SANTA ROSA DEL SUR - VÍA SAN LUCAS - LA ESMERALDA | H13: 14 | I13: SANTA ROSA DEL SUR | K13: LA ESMERALDA | O13: SANTA ROSA DEL SUR | S13: SANTA ROSA DEL SUR - VÍA SAN LUCAS - LA ESMERALDA | U13: 14 | V13: SANTA ROSA DEL SUR | X13: LA ESMERALDA | AB13: SANTA ROSA DEL SUR | AF13: SANTA ROSA DEL SUR - VÍA SAN LUCAS - LA ESMERALDA | AH13: 14 | AI13: SANTA ROSA DEL SUR | AK13: LA ESMERALDA | AO13: SANTA ROSA DEL SUR | AS13: SANTA ROSA DEL SUR - VÍA SAN LUCAS - LA ESMERALDA | AU13: 14 | AV13: SANTA ROSA DEL SUR | AX13: LA ESMERALDA | BB13: SANTA ROSA DEL SUR | BF13: SANTA ROSA DEL SUR - VÍA SAN LUCAS - LA ESMERALDA | BH13: 14 | BI13: SANTA ROSA DEL SUR | BK13: LA ESMERALDA | BO13: SANTA ROSA DEL SUR | BS13: SANTA ROSA DEL SUR - VÍA SAN LUCAS - LA ESMERALDA | BU13: 14 | BV13: SANTA ROSA DEL SUR | BX13: LA ESMERALDA
B14: SECCIÓN 1 - ITEMS DE OBRA - ACTIVIDADES MEJORAMIENTO DE OBRA | O14: SECCIÓN 1 - ITEMS DE OBRA - ACTIVIDADES MEJORAMIENTO DE OBRA | AB14: SECCIÓN 1 - ITEMS DE OBRA - ACTIVIDADES MEJORAMIENTO DE OBRA | AO14: SECCIÓN 1 - ITEMS DE OBRA - ACTIVIDADES MEJORAMIENTO DE OBRA | BB14: SECCIÓN 1 - ITEMS DE OBRA - ACTIVIDADES MEJORAMIENTO DE OBRA | BO14: SECCIÓN 1 - ITEMS DE OBRA - ACTIVIDADES MEJORAMIENTO DE OBRA
B15: No | C15: ITEM DE PAGO | D15: ESPECIFICACIONES | F15: DESCRIPCION | H15: UNID | I15: CANTIDAD | J15: VALOR UNITARIO | K15: VALOR TOTAL | O15: No | P15: ITEM DE PAGO | Q15: ESPECIFICACIONES | S15: DESCRIPCION | U15: UNID | V15: CANTIDAD | W15: VALOR UNITARIO | X15: VALOR TOTAL | AB15: No | AC15: ITEM DE PAGO | AD15: ESPECIFICACIONES | AF15: DESCRIPCION | AH15: UNID | AI15: CANTIDAD | AJ15: VALOR UNITARIO | AK15: VALOR TOTAL | AO15: No | AP15: ITEM DE PAGO | AQ15: ESPECIFICACIONES | AS15: DESCRIPCION | AU15: UNID | AV15: CANTIDAD | AW15: VALOR UNITARIO | AX15: VALOR TOTAL | BB15: No | BC15: ITEM DE PAGO | BD15: ESPECIFICACIONES | BF15: DESCRIPCION | BH15: UNID | BI15: CANTIDAD | BJ15: VALOR UNITARIO | BK15: VALOR TOTAL | BO15: No | BP15: ITEM DE PAGO | BQ15: ESPECIFICACIONES | BS15: DESCRIPCION | BU15: UNID | BV15: CANTIDAD | BW15: VALOR UNITARIO | BX15: VALOR TOTAL
D16: GENERAL | E16: PARTICULAR | Q16: GENERAL | R16: PARTICULAR | AD16: GENERAL | AE16: PARTICULAR | AQ16: GENERAL | AR16: PARTICULAR | BD16: GENERAL | BE16: PARTICULAR | BQ16: GENERAL | BR16: PARTICULAR
B18: I. EXPLANACIONES | O18: I. EXPLANACIONES | AB18: I. EXPLANACIONES | AO18: I. EXPLANACIONES | BB18: I. EXPLANACIONES | BO18: I. EXPLANACIONES
B19: 1 | C19: 200.2 | D19: 200-13 | F19: Desmonte y limpieza en zonas no boscosas | H19: Ha | I19: 1.35 | J19: 419626 | K19: =+ROUND(J19*I19,0) -> 566495 | M19: CUMPLE | O19: 1 | P19: 200.2 | Q19: 200-13 | S19: Desmonte y limpieza en zonas no boscosas | U19: Ha | V19: 1.35 | W19: 419626 | X19: =+ROUND(W19*V19,0) -> 566495 | Z19: CUMPLE | AB19: 1 | AC19: 200.2 | AD19: 200-13 | AF19: Desmonte y limpieza en zonas no boscosas | AH19: Ha | AI19: 1.35 | AJ19: 399861.62 | AK19: =+ROUND((AI19*AJ19),0) -> 539813 | AO19: 1 | AP19: 200.2 | AQ19: 200-13 | AS19: Desmonte y limpieza en zonas no boscosas | AU19: Ha | AV19: 1.35 | AW19: 402315 | AX19: =+ROUND(AW19*AV19,0) -> 543125 | AZ19: CUMPLE | BB19: 1 | BC19: 200.2 | BD19: 200-13 | BF19: Desmonte y limpieza en zonas no boscosas | BH19: Ha | BI19: 1.35 | BJ19: 400260.26 | BK19: =+ROUND(BJ19*BI19,0) -> 540351 | BM19: CUMPLE | BO19: 1 | BP19: 200.2 | BQ19: 200-13 | BS19: Desmonte y limpieza en zonas no boscosas | BU19: Ha | BV19: 1.35 | BW19: 399694 | BX19: =+ROUND(BW19*BV19,0) -> 539587 | BZ19: CUMPLE
B20: 2 | C20: 600.2.3 | D20: 600-13 | F20: Excavaciones varias en material común en seco. | H20: m3 | I20: 230 | J20: 29617 | K20: =+ROUND(J20*I20,0) -> 6811910 | M20: CUMPLE | O20: 2 | P20: 600.2.3 | Q20: 600-13 | S20: Excavaciones varias en material común en seco. | U20: m3 | V20: 230 | W20: 29617 | X20: =+ROUND(W20*V20,0) -> 6811910 | Z20: CUMPLE | AB20: 2 | AC20: 600.2.3 | AD20: 600-13 | AF20: Excavaciones varias en material común en seco. | AH20: m3 | AI20: 230 | AJ20: 28222.039 | AK20: =+ROUND((AI20*AJ20),0) -> 6491069 | AO20: 2 | AP20: 600.2.3 | AQ20: 600-13 | AS20: Excavaciones varias en material común en seco. | AU20: m3 | AV20: 230 | AW20: 28395 | AX20: =+ROUND(AW20*AV20,0) -> 6530850 | AZ20: CUMPLE | BB20: 2 | BC20: 600.2.3 | BD20: 600-13 | BF20: Excavaciones varias en material común en seco. | BH20: m3 | BI20: 230 | BJ20: 28250.18 | BK20: =+ROUND(BJ20*BI20,0) -> 6497541 | BM20: CUMPLE | BO20: 2 | BP20: 600.2.3 | BQ20: 600-13 | BS20: Excavaciones varias en material común en seco. | BU20: m3 | BV20: 230 | BW20: 28210 | BX20: =+ROUND(BW20*BV20,0) -> 6488300 | BZ20: CUMPLE
B21: 3 | C21: 210.2.2 | D21: 210-13 | F21: Excavación en material común de la explanación y canales | H21: m3 | I21: 290 | J21: 16149 | K21: =+ROUND(J21*I21,0) -> 4683210 | M21: CUMPLE | O21: 3 | P21: 210.2.2 | Q21: 210-13 | S21: Excavación en material común de la explanación y canales | U21: m3 | V21: 290 | W21: 16149 | X21: =+ROUND(W21*V21,0) -> 4683210 | Z21: CUMPLE | AB21: 3 | AC21: 210.2.2 | AD21: 210-13 | AF21: Excavación en material común de la explanación y canales | AH21: m3 | AI21: 290 | AJ21: 15388.382 | AK21: =+ROUND((AI21*AJ21),0) -> 4462631 | AO21: 3 | AP21: 210.2.2 | AQ21: 210-13 | AS21: Excavación en material común de la explanación y canales | AU21: m3 | AV21: 290 | AW21: 15483 | AX21: =+ROUND(AW21*AV21,0) -> 4490070 | AZ21: CUMPLE | BB21: 3 | BC21: 210.2.2 | BD21: 210-13 | BF21: Excavación en material común de la explanación y canales | BH21: m3 | BI21: 290 | BJ21: 15403.72 | BK21: =+ROUND(BJ21*BI21,0) -> 4467079 | BM21: CUMPLE | BO21: 3 | BP21: 210.2.2 | BQ21: 210-13 | BS21: Excavación en material común de la explanación y canales | BU21: m3 | BV21: 290 | BW21: 15382 | BX21: =+ROUND(BW21*BV21,0) -> 4460780 | BZ21: CUMPLE
B22: 4 | C22: 220.1 | D22: 220-13 | F22: Terraplenes | H22: m3 | I22: 22 | J22: 37335 | K22: =+ROUND(J22*I22,0) -> 821370 | M22: CUMPLE | O22: 4 | P22: 220.1 | Q22: 220-13 | S22: Terraplenes | U22: m3 | V22: 22 | W22: 37335 | X22: =+ROUND(W22*V22,0) -> 821370 | Z22: CUMPLE | AB22: 4 | AC22: 220.1 | AD22: 220-13 | AF22: Terraplenes | AH22: m3 | AI22: 22 | AJ22: 35576.521 | AK22: =+ROUND((AI22*AJ22),0) -> 782683 | AO22: 4 | AP22: 220.1 | AQ22: 220-13 | AS22: Terraplenes | AU22: m3 | AV22: 22 | AW22: 35795 | AX22: =+ROUND(AW22*AV22,0) -> 787490 | AZ22: CUMPLE | BB22: 4 | BC22: 220.1 | BD22: 220-13 | BF22: Terraplenes | BH22: m3 | BI22: 22 | BJ22: 35611.99 | BK22: =+ROUND(BJ22*BI22,0) -> 783464 | BM22: CUMPLE | BO22: 4 | BP22: 220.1 | BQ22: 220-13 | BS22: Terraplenes | BU22: m3 | BV22: 22 | BW22: 35562 | BX22: =+ROUND(BW22*BV22,0) -> 782364 | BZ22: CUMPLE
B23: 5 | C23: 201.7 | D23: 201-13 | F23: Demolición de Estructuras | H23: m3 | I23: 15 | J23: 278457 | K23: =+ROUND(J23*I23,0) -> 4176855 | M23: CUMPLE | O23: 5 | P23: 201.7 | Q23: 201-13 | S23: Demolición de Estructuras | U23: m3 | V23: 15 | W23: 278457 | X23: =+ROUND(W23*V23,0) -> 4176855 | Z23: CUMPLE | AB23: 5 | AC23: 201.7 | AD23: 201-13 | AF23: Demolición de Estructuras | AH23: m3 | AI23: 15 | AJ23: 265341.68 | AK23: =+ROUND((AI23*AJ23),0) -> 3980125 | AO23: 5 | AP23: 201.7 | AQ23: 201-13 | AS23: Demolición de Estructuras | AU23: m3 | AV23: 15 | AW23: 266970 | AX23: =+ROUND(AW23*AV23,0) -> 4004550 | AZ23: CUMPLE | BB23: 5 | BC23: 201.7 | BD23: 201-13 | BF23: Demolición de Estructuras | BH23: m3 | BI23: 15 | BJ23: 265606.21 | BK23: =+ROUND(BJ23*BI23,0) -> 3984093 | BM23: CUMPLE | BO23: 5 | BP23: 201.7 | BQ23: 201-13 | BS23: Demolición de Estructuras | BU23: m3 | BV23: 15 | BW23: 265230 | BX23: =+ROUND(BW23*BV23,0) -> 3978450 | BZ23: CUMPLE
B24: Subtotal | K24: =SUM(K19:L23) -> 17059840 | O24: Subtotal | X24: =SUM(X19:Y23) -> 17059840 | AB24: Subtotal | AK24: =SUM(AK19:AL23) -> 16256321 | AO24: Subtotal | AX24: =SUM(AX19:AY23) -> 16356085 | BB24: Subtotal | BK24: =SUM(BK19:BL23) -> 16272528 | BO24: Subtotal | BX24: =SUM(BX19:BY23) -> 16249481
B25: II. ESTRUCTURAS DE DRENAJE ALCANTARILLA L=6m | O25: II. ESTRUCTURAS DE DRENAJE ALCANTARILLA L=6m | AB25: II. ESTRUCTURAS DE DRENAJE ALCANTARILLA L=6m | AO25: II. ESTRUCTURAS DE DRENAJE ALCANTARILLA L=6m | BB25: II. ESTRUCTURAS DE DRENAJE ALCANTARILLA L=6m | BO25: II. ESTRUCTURAS DE DRENAJE ALCANTARILLA L=6m
B26: CONSTRUCCIÓN DE | D26: 1 | E26: ALCANTARILLAS TUBERIA CONCRETO REFORZADO (L =6m, Φ36") | O26: CONSTRUCCIÓN DE | Q26: 1 | R26: ALCANTARILLAS TUBERIA CONCRETO REFORZADO (L =6m, Φ36") | AB26: CONSTRUCCIÓN DE | AD26: 1 | AE26: ALCANTARILLAS TUBERIA CONCRETO REFORZADO (L =6m, Φ36") | AO26: CONSTRUCCIÓN DE | AQ26: 1 | AR26: ALCANTARILLAS TUBERIA CONCRETO REFORZADO (L =6m, Φ36") | BB26: CONSTRUCCIÓN DE | BD26: 1 | BE26: ALCANTARILLAS TUBERIA CONCRETO REFORZADO (L =6m, Φ36") | BO26: CONSTRUCCIÓN DE | BQ26: 1 | BR26: ALCANTARILLAS TUBERIA CONCRETO REFORZADO (L =6m, Φ36")
B27: 6 | C27: 600.2.3 | D27: 600-13 | F27: Excavaciones varias en material común en seco. | H27: m3 | I27: 10 | J27: 29617 | K27: =+ROUND(J27*I27,0) -> 296170 | M27: CUMPLE | O27: 6 | P27: 600.2.3 | Q27: 600-13 | S27: Excavaciones varias en material común en seco. | U27: m3 | V27: 10 | W27: 29617 | X27: =+ROUND(W27*V27,0) -> 296170 | Z27: CUMPLE | AB27: 6 | AC27: 600.2.3 | AD27: 600-13 | AF27: Excavaciones varias en material común en seco. | AH27: m3 | AI27: 10 | AJ27: 28219.078 | AK27: =+ROUND((AI27*AJ27),0) -> 282191 | AO27: 6 | AP27: 600.2.3 | AQ27: 600-13 | AS27: Excavaciones varias en material común en seco. | AU27: m3 | AV27: 10 | AW27: 28395 | AX27: =+ROUND(AW27*AV27,0) -> 283950 | AZ27: CUMPLE | BB27: 6 | BC27: 600.2.3 | BD27: 600-13 | BF27: Excavaciones varias en material común en seco. | BH27: m3 | BI27: 10 | BJ27: 28250.18 | BK27: =+ROUND(BJ27*BI27,0) -> 282502 | BM27: CUMPLE | BO27: 6 | BP27: 600.2.3 | BQ27: 600-13 | BS27: Excavaciones varias en material común en seco. | BU27: m3 | BV27: 10 | BW27: 28210 | BX27: =+ROUND(BW27*BV27,0) -> 282100 | BZ27: CUMPLE
B28: 7 | C28: 661.1 | D28: 661-13 | F28: Tubería de concreto reforzado clase D, de 900 mm de diámetro interior | H28: m | I28: 5 | J28: 987964 | K28: =+ROUND(J28*I28,0) -> 4939820 | M28: CUMPLE | O28: 7 | P28: 661.1 | Q28: 661-13 | S28: Tubería de concreto reforzado clase D, de 900 mm de diámetro interior | U28: m | V28: 5 | W28: 987964 | X28: =+ROUND(W28*V28,0) -> 4939820 | Z28: CUMPLE | AB28: 7 | AC28: 661.1 | AD28: 661-13 | AF28: Tubería de concreto reforzado clase D, de 900 mm de diámetro interior | AH28: m | AI28: 5 | AJ28: 941332.1 | AK28: =+ROUND((AI28*AJ28),0) -> 4706660 | AO28: 7 | AP28: 661.1 | AQ28: 661-13 | AS28: Tubería de concreto reforzado clase D, de 900 mm de diámetro interior | AU28: m | AV28: 5 | AW28: 947207 | AX28: =+ROUND(AW28*AV28,0) -> 4736035 | AZ28: CUMPLE | BB28: 7 | BC28: 661.1 | BD28: 661-13 | BF28: Tubería de concreto reforzado clase D, de 900 mm de diámetro interior | BH28: m | BI28: 5 | BJ28: 942369.46 | BK28: =+ROUND(BJ28*BI28,0) -> 4711847 | BM28: CUMPLE | BO28: 7 | BP28: 661.1 | BQ28: 661-13 | BS28: Tubería de concreto reforzado clase D, de 900 mm de diámetro interior | BU28: m | BV28: 5 | BW28: 941036 | BX28: =+ROUND(BW28*BV28,0) -> 4705180 | BZ28: CUMPLE
B29: 8 | C29: 630.6 | D29: 630-13 | F29: Concreto clase F (140 kg/cm2 ó 2000 PSI) | H29: m3 | I29: 0.9 | J29: 735553 | K29: =+ROUND(J29*I29,0) -> 661998 | M29: CUMPLE | O29: 8 | P29: 630.6 | Q29: 630-13 | S29: Concreto clase F (140 kg/cm2 ó 2000 PSI) | U29: m3 | V29: 0.9 | W29: 735553 | X29: =+ROUND(W29*V29,0) -> 661998 | Z29: CUMPLE | AB29: 8 | AC29: 630.6 | AD29: 630-13 | AF29: Concreto clase F (140 kg/cm2 ó 2000 PSI) | AH29: m3 | AI29: 0.9 | AJ29: 700834.9 | AK29: =+ROUND((AI29*AJ29),0) -> 630751 | AO29: 8 | AP29: 630.6 | AQ29: 630-13 | AS29: Concreto clase F (140 kg/cm2 ó 2000 PSI) | AU29: m3 | AV29: 0.9 | AW29: 705208 | AX29: =+ROUND(AW29*AV29,0) -> 634687 | AZ29: CUMPLE | BB29: 8 | BC29: 630.6 | BD29: 630-13 | BF29: Concreto clase F (140 kg/cm2 ó 2000 PSI) | BH29: m3 | BI29: 0.9 | BJ29: 701607.23 | BK29: =+ROUND(BJ29*BI29,0) -> 631447 | BM29: CUMPLE | BO29: 8 | BP29: 630.6 | BQ29: 630-13 | BS29: Concreto clase F (140 kg/cm2 ó 2000 PSI) | BU29: m3 | BV29: 0.9 | BW29: 700614 | BX29: =+ROUND(BW29*BV29,0) -> 630553 | BZ29: CUMPLE
B30: 9 | C30: 630.4 | D30: 630-13 | F30: Concreto clase D (210 kg/cm2 ó 3000 PSI) | H30: m3 | I30: 7.8 | J30: 938529 | K30: =+ROUND(J30*I30,0) -> 7320526 | M30: CUMPLE | O30: 9 | P30: 630.4 | Q30: 630-13 | S30: Concreto clase D (210 kg/cm2 ó 3000 PSI) | U30: m3 | V30: 7.8 | W30: 938529 | X30: =+ROUND(W30*V30,0) -> 7320526 | Z30: CUMPLE | AB30: 9 | AC30: 630.4 | AD30: 630-13 | AF30: Concreto clase D (210 kg/cm2 ó 3000 PSI) | AH30: m3 | AI30: 7.8 | AJ30: 894230.43 | AK30: =+ROUND((AI30*AJ30),0) -> 6974997 | AO30: 9 | AP30: 630.4 | AQ30: 630-13 | AS30: Concreto clase D (210 kg/cm2 ó 3000 PSI) | AU30: m3 | AV30: 7.8 | AW30: 899811 | AX30: =+ROUND(AW30*AV30,0) -> 7018526 | AZ30: CUMPLE | BB30: 9 | BC30: 630.4 | BD30: 630-13 | BF30: Concreto clase D (210 kg/cm2 ó 3000 PSI) | BH30: m3 | BI30: 7.8 | BJ30: 895215.89 | BK30: =+ROUND(BJ30*BI30,0) -> 6982684 | BM30: CUMPLE | BO30: 9 | BP30: 630.4 | BQ30: 630-13 | BS30: Concreto clase D (210 kg/cm2 ó 3000 PSI) | BU30: m3 | BV30: 7.8 | BW30: 893949 | BX30: =+ROUND(BW30*BV30,0) -> 6972802 | BZ30: CUMPLE
B31: 10 | C31: 640.1 | D31: 640-13 | F31: Acero de refuerzo de FY = 4.200 Kg/cm 2 (60.000 PSI). | H31: Kg | I31: 579 | J31: 8105 | K31: =+ROUND(J31*I31,0) -> 4692795 | M31: CUMPLE | O31: 10 | P31: 640.1 | Q31: 640-13 | S31: Acero de refuerzo de FY = 4.200 Kg/cm 2 (60.000 PSI). | U31: Kg | V31: 579 | W31: 7400 | X31: =+ROUND(W31*V31,0) -> 4284600 | Z31: CUMPLE | AB31: 10 | AC31: 640.1 | AD31: 640-13 | AF31: Acero de refuerzo de FY = 4.200 Kg/cm 2 (60.000 PSI). | AH31: Kg | AI31: 579 | AJ31: 7722.444 | AK31: =+ROUND((AI31*AJ31),0) -> 4471295 | AO31: 10 | AP31: 640.1 | AQ31: 640-13 | AS31: Acero de refuerzo de FY = 4.200 Kg/cm 2 (60.000 PSI). | AU31: Kg | AV31: 579 | AW31: 7771 | AX31: =+ROUND(AW31*AV31,0) -> 4499409 | AZ31: CUMPLE | BB31: 10 | BC31: 640.1 | BD31: 640-13 | BF31: Acero de refuerzo de FY = 4.200 Kg/cm 2 (60.000 PSI). | BH31: Kg | BI31: 579 | BJ31: 7730.95 | BK31: =+ROUND(BJ31*BI31,0) -> 4476220 | BM31: CUMPLE | BO31: 10 | BP31: 640.1 | BQ31: 640-13 | BS31: Acero de refuerzo de FY = 4.200 Kg/cm 2 (60.000 PSI). | BU31: Kg | BV31: 579 | BW31: 7850 | BX31: =+ROUND(BW31*BV31,0) -> 4545150 | BZ31: CUMPLE
B32: 11 | C32: 610.1 | D32: 610-13 | F32: Relleno para Estructuras con suelo | H32: m3 | I32: 9 | J32: 21084 | K32: =+ROUND(J32*I32,0) -> 189756 | M32: CUMPLE | O32: 11 | P32: 610.1 | Q32: 610-13 | S32: Relleno para Estructuras con suelo | U32: m3 | V32: 9 | W32: 21084 | X32: =+ROUND(W32*V32,0) -> 189756 | Z32: CUMPLE | AB32: 11 | AC32: 610.1 | AD32: 610-13 | AF32: Relleno para Estructuras con suelo | AH32: m3 | AI32: 9 | AJ32: 20088.835 | AK32: =+ROUND((AI32*AJ32),0) -> 180800 | AO32: 11 | AP32: 610.1 | AQ32: 610-13 | AS32: Relleno para Estructuras con suelo | AU32: m3 | AV32: 9 | AW32: 20214 | AX32: =+ROUND(AW32*AV32,0) -> 181926 | AZ32: CUMPLE | BB32: 11 | BC32: 610.1 | BD32: 610-13 | BF32: Relleno para Estructuras con suelo | BH32: m3 | BI32: 9 | BJ32: 20110.97 | BK32: =+ROUND(BJ32*BI32,0) -> 180999 | BM32: CUMPLE | BO32: 11 | BP32: 610.1 | BQ32: 610-13 | BS32: Relleno para Estructuras con suelo | BU32: m3 | BV32: 9 | BW32: 20083 | BX32: =+ROUND(BW32*BV32,0) -> 180747 | BZ32: CUMPLE
B33: Subtotal | K33: =SUM(K27:L32) -> 18101065 | O33: Subtotal | X33: =SUM(X27:Y32) -> 17692870 | AB33: Subtotal | AK33: =SUM(AK27:AL32) -> 17246694 | AO33: Subtotal | AX33: =SUM(AX27:AY32) -> 17354533 | BB33: Subtotal | BK33: =SUM(BK27:BL32) -> 17265699 | BO33: Subtotal | BX33: =SUM(BX27:BY32) -> 17316532
B34: III. ESTRUCTURAS DE DRENAJE BOX CULVERT L=5m | O34: III. ESTRUCTURAS DE DRENAJE BOX CULVERT L=5m | AB34: III. ESTRUCTURAS DE DRENAJE BOX CULVERT L=5m | AO34: III. ESTRUCTURAS DE DRENAJE BOX CULVERT L=5m | BB34: III. ESTRUCTURAS DE DRENAJE BOX CULVERT L=5m | BO34: III. ESTRUCTURAS DE DRENAJE BOX CULVERT L=5m
B35: CONSTRUCCIÓN DE | D35: 1 | E35: BOX CULVERT 1X1 | O35: CONSTRUCCIÓN DE | Q35: 1 | R35: BOX CULVERT 1X1 | AB35: CONSTRUCCIÓN DE | AD35: 1 | AE35: BOX CULVERT 1X1 | AO35: CONSTRUCCIÓN DE | AQ35: 1 | AR35: BOX CULVERT 1X1 | BB35: CONSTRUCCIÓN DE | BD35: 1 | BE35: BOX CULVERT 1X1 | BO35: CONSTRUCCIÓN DE | BQ35: 1 | BR35: BOX CULVERT 1X1
B36: 12 | C36: 600.2.3 | D36: 600-13 | F36: Excavaciones varias en material común en seco. | H36: m3 | I36: 44 | J36: 29617 | K36: =+ROUND(J36*I36,0) -> 1303148 | M36: CUMPLE | O36: 12 | P36: 600.2.3 | Q36: 600-13 | S36: Excavaciones varias en material común en seco. | U36: m3 | V36: 44 | W36: 29617 | X36: =+ROUND(W36*V36,0) -> 1303148 | Z36: CUMPLE | AB36: 12 | AC36: 600.2.3 | AD36: 600-13 | AF36: Excavaciones varias en material común en seco. | AH36: m3 | AI36: 44 | AJ36: 28219.078 | AK36: =+ROUND((AI36*AJ36),0) -> 1241639 | AO36: 12 | AP36: 600.2.3 | AQ36: 600-13 | AS36: Excavaciones varias en material común en seco. | AU36: m3 | AV36: 44 | AW36: 28395 | AX36: =+ROUND(AW36*AV36,0) -> 1249380 | AZ36: CUMPLE | BB36: 12 | BC36: 600.2.3 | BD36: 600-13 | BF36: Excavaciones varias en material común en seco. | BH36: m3 | BI36: 44 | BJ36: 28250.18 | BK36: =+ROUND(BJ36*BI36,0) -> 1243008 | BM36: CUMPLE | BO36: 12 | BP36: 600.2.3 | BQ36: 600-13 | BS36: Excavaciones varias en material común en seco. | BU36: m3 | BV36: 44 | BW36: 28210 | BX36: =+ROUND(BW36*BV36,0) -> 1241240 | BZ36: CUMPLE
B37: 13 | C37: 630.6 | D37: 630-13 | F37: Concreto clase F (140 kg/cm2 ó 2000 PSI) | H37: m3 | I37: 0.8 | J37: 735553 | K37: =+ROUND(J37*I37,0) -> 588442 | M37: CUMPLE | O37: 13 | P37: 630.6 | Q37: 630-13 | S37: Concreto clase F (140 kg/cm2 ó 2000 PSI) | U37: m3 | V37: 0.8 | W37: 735553 | X37: =+ROUND(W37*V37,0) -> 588442 | Z37: CUMPLE | AB37: 13 | AC37: 630.6 | AD37: 630-13 | AF37: Concreto clase F (140 kg/cm2 ó 2000 PSI) | AH37: m3 | AI37: 0.8 | AJ37: 70081.298 | AK37: =+ROUND((AI37*AJ37),0) -> 56065 | AO37: 13 | AP37: 630.6 | AQ37: 630-13 | AS37: Concreto clase F (140 kg/cm2 ó 2000 PSI) | AU37: m3 | AV37: 0.8 | AW37: 705208 | AX37: =+ROUND(AW37*AV37,0) -> 564166 | AZ37: CUMPLE | BB37: 13 | BC37: 630.6 | BD37: 630-13 | BF37: Concreto clase F (140 kg/cm2 ó 2000 PSI) | BH37: m3 | BI37: 0.8 | BJ37: 701607.23 | BK37: =+ROUND(BJ37*BI37,0) -> 561286 | BM37: CUMPLE | BO37: 13 | BP37: 630.6 | BQ37: 630-13 | BS37: Concreto clase F (140 kg/cm2 ó 2000 PSI) | BU37: m3 | BV37: 0.8 | BW37: 700614 | BX37: =+ROUND(BW37*BV37,0) -> 560491 | BZ37: CUMPLE
B38: 14 | C38: 630.4 | D38: 630-13 | F38: Concreto clase D (210 kg/cm2 ó 3000 PSI) | H38: m3 | I38: 9 | J38: 938529 | K38: =+ROUND(J38*I38,0) -> 8446761 | M38: CUMPLE | O38: 14 | P38: 630.4 | Q38: 630-13 | S38: Concreto clase D (210 kg/cm2 ó 3000 PSI) | U38: m3 | V38: 9 | W38: 938529 | X38: =+ROUND(W38*V38,0) -> 8446761 | Z38: CUMPLE | AB38: 14 | AC38: 630.4 | AD38: 630-13 | AF38: Concreto clase D (210 kg/cm2 ó 3000 PSI) | AH38: m3 | AI38: 9 | AJ38: 894230.43 | AK38: =+ROUND((AI38*AJ38),0) -> 8048074 | AO38: 14 | AP38: 630.4 | AQ38: 630-13 | AS38: Concreto clase D (210 kg/cm2 ó 3000 PSI) | AU38: m3 | AV38: 9 | AW38: 899811 | AX38: =+ROUND(AW38*AV38,0) -> 8098299 | AZ38: CUMPLE | BB38: 14 | BC38: 630.4 | BD38: 630-13 | BF38: Concreto clase D (210 kg/cm2 ó 3000 PSI) | BH38: m3 | BI38: 9 | BJ38: 895215.89 | BK38: =+ROUND(BJ38*BI38,0) -> 8056943 | BM38: CUMPLE | BO38: 14 | BP38: 630.4 | BQ38: 630-13 | BS38: Concreto clase D (210 kg/cm2 ó 3000 PSI) | BU38: m3 | BV38: 9 | BW38: 893949 | BX38: =+ROUND(BW38*BV38,0) -> 8045541 | BZ38: CUMPLE
B39: 15 | C39: 640.1 | D39: 640-13 | F39: Acero de refuerzo de FY = 4.200 Kg/cm 2 (60.000 PSI). | H39: Kg | I39: 634.7 | J39: 8105 | K39: =+ROUND(J39*I39,0) -> 5144244 | M39: CUMPLE | O39: 15 | P39: 640.1 | Q39: 640-13 | S39: Acero de refuerzo de FY = 4.200 Kg/cm 2 (60.000 PSI). | U39: Kg | V39: 634.7 | W39: 7400 | X39: =+ROUND(W39*V39,0) -> 4696780 | Z39: CUMPLE | AB39: 15 | AC39: 640.1 | AD39: 640-13 | AF39: Acero de refuerzo de FY = 4.200 Kg/cm 2 (60.000 PSI). | AH39: Kg | AI39: 634.7 | AJ39: 7722.444 | AK39: =+ROUND((AI39*AJ39),0) -> 4901435 | AO39: 15 | AP39: 640.1 | AQ39: 640-13 | AS39: Acero de refuerzo de FY = 4.200 Kg/cm 2 (60.000 PSI). | AU39: Kg | AV39: 634.7 | AW39: 7771 | AX39: =+ROUND(AW39*AV39,0) -> 4932254 | AZ39: CUMPLE | BB39: 15 | BC39: 640.1 | BD39: 640-13 | BF39: Acero de refuerzo de FY = 4.200 Kg/cm 2 (60.000 PSI). | BH39: Kg | BI39: 634.7 | BJ39: 7730.95 | BK39: =+ROUND(BJ39*BI39,0) -> 4906834 | BM39: CUMPLE | BO39: 15 | BP39: 640.1 | BQ39: 640-13 | BS39: Acero de refuerzo de FY = 4.200 Kg/cm 2 (60.000 PSI). | BU39: Kg | BV39: 634.7 | BW39: 7850 | BX39: =+ROUND(BW39*BV39,0) -> 4982395 | BZ39: CUMPLE
B40: 16 | C40: 610.1 | D40: 610-13 | F40: Relleno para Estructuras con suelo | H40: m3 | I40: 9 | J40: 21084 | K40: =+ROUND(J40*I40,0) -> 189756 | M40: CUMPLE | O40: 16 | P40: 610.1 | Q40: 610-13 | S40: Relleno para Estructuras con suelo | U40: m3 | V40: 9 | W40: 21084 | X40: =+ROUND(W40*V40,0) -> 189756 | Z40: CUMPLE | AB40: 16 | AC40: 610.1 | AD40: 610-13 | AF40: Relleno para Estructuras con suelo | AH40: m3 | AI40: 9 | AJ40: 20088.835 | AK40: =+ROUND((AI40*AJ40),0) -> 180800 | AO40: 16 | AP40: 610.1 | AQ40: 610-13 | AS40: Relleno para Estructuras con suelo | AU40: m3 | AV40: 9 | AW40: 20214 | AX40: =+ROUND(AW40*AV40,0) -> 181926 | AZ40: CUMPLE | BB40: 16 | BC40: 610.1 | BD40: 610-13 | BF40: Relleno para Estructuras con suelo | BH40: m3 | BI40: 9 | BJ40: 20110.97 | BK40: =+ROUND(BJ40*BI40,0) -> 180999 | BM40: CUMPLE | BO40: 16 | BP40: 610.1 | BQ40: 610-13 | BS40: Relleno para Estructuras con suelo | BU40: m3 | BV40: 9 | BW40: 20083 | BX40: =+ROUND(BW40*BV40,0) -> 180747 | BZ40: CUMPLE
B41: Subtotal | K41: =SUM(K36:L40) -> 15672351 | O41: Subtotal | X41: =SUM(X36:Y40) -> 15224887 | AB41: Subtotal | AK41: =ROUND((SUM(AK36:AL40)),0) -> 14428013 | AO41: Subtotal | AX41: =SUM(AX36:AY40) -> 15026025 | BB41: Subtotal | BK41: =SUM(BK36:BL40) -> 14949070 | BO41: Subtotal | BX41: =SUM(BX36:BY40) -> 15010414
B42: IV. PLACA HUELLA | E42: ANCHO | F42: 5 | G42: m | O42: IV. PLACA HUELLA | R42: ANCHO | S42: 5 | T42: m | AB42: IV. PLACA HUELLA | AE42: ANCHO | AF42: 5 | AG42: m | AO42: IV. PLACA HUELLA | AR42: ANCHO | AS42: 5 | AT42: m | BB42: IV. PLACA HUELLA | BE42: ANCHO | BF42: 5 | BG42: m | BO42: IV. PLACA HUELLA | BR42: ANCHO | BS42: 5 | BT42: m
B43: CONSTRUCCIÓN | D43: 900 | E43: METROS DE PLACA HUELLA EN CONCRETO | O43: CONSTRUCCIÓN | Q43: 900 | R43: METROS DE PLACA HUELLA EN CONCRETO | AB43: CONSTRUCCIÓN | AD43: 900 | AE43: METROS DE PLACA HUELLA EN CONCRETO | AO43: CONSTRUCCIÓN | AQ43: 900 | AR43: METROS DE PLACA HUELLA EN CONCRETO | BB43: CONSTRUCCIÓN | BD43: 900 | BE43: METROS DE PLACA HUELLA EN CONCRETO | BO43: CONSTRUCCIÓN | BQ43: 900 | BR43: METROS DE PLACA HUELLA EN CONCRETO
B44: 17 | C44: 320.3 | D44: 320 | F44: Subbase Granular Clase C. | H44: m3 | I44: 757.4 | J44: 169097 | K44: =+ROUND(J44*I44,0) -> 128074068 | M44: CUMPLE | O44: 17 | P44: 320.3 | Q44: 320 | S44: Subbase Granular Clase C. | U44: m3 | V44: 757.4 | W44: 185000 | X44: =+ROUND(W44*V44,0) -> 140119000 | Z44: CUMPLE | AB44: 17 | AC44: 320.3 | AD44: 320 | AF44: Subbase Granular Clase C. | AH44: m3 | AI44: 757.4 | AJ44: 189547.17 | AK44: =+ROUND((AI44*AJ44),0) -> 143563029 | AO44: 17 | AP44: 320.3 | AQ44: 320 | AS44: Subbase Granular Clase C. | AU44: m3 | AV44: 757.4 | AW44: 190730 | AX44: =+ROUND(AW44*AV44,0) -> 144458902 | AZ44: CUMPLE | BB44: 17 | BC44: 320.3 | BD44: 320 | BF44: Subbase Granular Clase C. | BH44: m3 | BI44: 757.4 | BJ44: 189756.06 | BK44: =+ROUND(BJ44*BI44,0) -> 143721240 | BM44: CUMPLE | BO44: 17 | BP44: 320.3 | BQ44: 320 | BS44: Subbase Granular Clase C. | BU44: m3 | BV44: 757.4 | BW44: 184000 | BX44: =+ROUND(BW44*BV44,0) -> 139361600 | BZ44: CUMPLE
B45: 18 | C45: 630.4 | D45: 630 | F45: Concreto clase D (210 kg/cm2 ó 3000 PSI) - PLACA HUELLA | H45: m3 | I45: 227.9 | J45: 943751 | K45: =+ROUND(J45*I45,0) -> 215080853 | M45: CUMPLE | O45: 18 | P45: 630.4 | Q45: 630 | S45: Concreto clase D (210 kg/cm2 ó 3000 PSI) - PLACA HUELLA | U45: m3 | V45: 227.9 | W45: 935000 | X45: =+ROUND(W45*V45,0) -> 213086500 | Z45: CUMPLE | AB45: 18 | AC45: 630.4 | AD45: 630 | AF45: Concreto clase D (210 kg/cm2 ó 3000 PSI) - PLACA HUELLA | AH45: m3 | AI45: 227.9 | AJ45: 960437.64 | AK45: =+ROUND((AI45*AJ45),0) -> 218883739 | AO45: 18 | AP45: 630.4 | AQ45: 630 | AS45: Concreto clase D (210 kg/cm2 ó 3000 PSI) - PLACA HUELLA | AU45: m3 | AV45: 227.9 | AW45: 966431 | AX45: =+ROUND(AW45*AV45,0) -> 220249625 | AZ45: CUMPLE | BB45: 18 | BC45: 630.4 | BD45: 630 | BF45: Concreto clase D (210 kg/cm2 ó 3000 PSI) - PLACA HUELLA | BH45: m3 | BI45: 227.9 | BJ45: 961496.06 | BK45: =+ROUND(BJ45*BI45,0) -> 219124952 | BM45: CUMPLE | BO45: 18 | BP45: 630.4 | BQ45: 630 | BS45: Concreto clase D (210 kg/cm2 ó 3000 PSI) - PLACA HUELLA | BU45: m3 | BV45: 227.9 | BW45: 960135 | BX45: =+ROUND(BW45*BV45,0) -> 218814767 | BZ45: CUMPLE
B46: 19 | C46: 630.4 | D46: 630 | F46: Concreto clase D (210 kg/cm2 ó 3000 PSI) - VIGAS RIOSTRAS | H46: m3 | I46: 70.08 | J46: 943751 | K46: =+ROUND(J46*I46,0) -> 66138070 | M46: CUMPLE | O46: 19 | P46: 630.4 | Q46: 630 | S46: Concreto clase D (210 kg/cm2 ó 3000 PSI) - VIGAS RIOSTRAS | U46: m3 | V46: 70.08 | W46: 935000 | X46: =+ROUND(W46*V46,0) -> 65524800 | Z46: CUMPLE | AB46: 19 | AC46: 630.4 | AD46: 630 | AF46: Concreto clase D (210 kg/cm2 ó 3000 PSI) - VIGAS RIOSTRAS | AH46: m3 | AI46: 70.08 | AJ46: 960437.64 | AK46: =+ROUND((AI46*AJ46),0) -> 67307470 | AO46: 19 | AP46: 630.4 | AQ46: 630 | AS46: Concreto clase D (210 kg/cm2 ó 3000 PSI) - VIGAS RIOSTRAS | AU46: m3 | AV46: 70.08 | AW46: 966431 | AX46: =+ROUND(AW46*AV46,0) -> 67727484 | AZ46: CUMPLE | BB46: 19 | BC46: 630.4 | BD46: 630 | BF46: Concreto clase D (210 kg/cm2 ó 3000 PSI) - VIGAS RIOSTRAS | BH46: m3 | BI46: 70.08 | BJ46: 961496.06 | BK46: =+ROUND(BJ46*BI46,0) -> 67381644 | BM46: CUMPLE | BO46: 19 | BP46: 630.4 | BQ46: 630 | BS46: Concreto clase D (210 kg/cm2 ó 3000 PSI) - VIGAS RIOSTRAS | BU46: m3 | BV46: 70.08 | BW46: 960135 | BX46: =+ROUND(BW46*BV46,0) -> 67286261 | BZ46: CUMPLE
B47: 20 | C47: 630.4 | D47: 630 | F47: Concreto clase D (210 kg/cm2 ó 3000 PSI) - CUNETAS | H47: m3 | I47: 227.9 | J47: 943751 | K47: =+ROUND(J47*I47,0) -> 215080853 | M47: CUMPLE | O47: 20 | P47: 630.4 | Q47: 630 | S47: Concreto clase D (210 kg/cm2 ó 3000 PSI) - CUNETAS | U47: m3 | V47: 227.9 | W47: 935000 | X47: =+ROUND(W47*V47,0) -> 213086500 | Z47: CUMPLE | AB47: 20 | AC47: 630.4 | AD47: 630 | AF47: Concreto clase D (210 kg/cm2 ó 3000 PSI) - CUNETAS | AH47: m3 | AI47: 227.9 | AJ47: 960437.64 | AK47: =+ROUND((AI47*AJ47),0) -> 218883739 | AO47: 20 | AP47: 630.4 | AQ47: 630 | AS47: Concreto clase D (210 kg/cm2 ó 3000 PSI) - CUNETAS | AU47: m3 | AV47: 227.9 | AW47: 966431 | AX47: =+ROUND(AW47*AV47,0) -> 220249625 | AZ47: CUMPLE | BB47: 20 | BC47: 630.4 | BD47: 630 | BF47: Concreto clase D (210 kg/cm2 ó 3000 PSI) - CUNETAS | BH47: m3 | BI47: 227.9 | BJ47: 961496.06 | BK47: =+ROUND(BJ47*BI47,0) -> 219124952 | BM47: CUMPLE | BO47: 20 | BP47: 630.4 | BQ47: 630 | BS47: Concreto clase D (210 kg/cm2 ó 3000 PSI) - CUNETAS | BU47: m3 | BV47: 227.9 | BW47: 960135 | BX47: =+ROUND(BW47*BV47,0) -> 218814767 | BZ47: CUMPLE
B48: 21 | C48: 630.7 | D48: 630 | F48: Concreto Ciclópeo (Concreto Clase D f'c = 21 MPa 60% concreto - 40% agregado ciclópeo). | H48: m3 | I48: 232.2 | J48: 654842 | K48: =+ROUND(J48*I48,0) -> 152054312 | M48: CUMPLE | O48: 21 | P48: 630.7 | Q48: 630 | S48: Concreto Ciclópeo (Concreto Clase D f'c = 21 MPa 60% concreto - 40% agregado ciclópeo). | U48: m3 | V48: 232.2 | W48: 630000 | X48: =+ROUND(W48*V48,0) -> 146286000 | Z48: CUMPLE | AB48: 21 | AC48: 630.7 | AD48: 630 | AF48: Concreto Ciclópeo (Concreto Clase D f'c = 21 MPa 60% concreto - 40% agregado ciclópeo). | AH48: m3 | AI48: 232.2 | AJ48: 623933.46 | AK48: =+ROUND((AI48*AJ48),0) -> 144877349 | AO48: 21 | AP48: 630.7 | AQ48: 630 | AS48: Concreto Ciclópeo (Concreto Clase D f'c = 21 MPa 60% concreto - 40% agregado ciclópeo). | AU48: m3 | AV48: 232.2 | AW48: 627827 | AX48: =+ROUND(AW48*AV48,0) -> 145781429 | AZ48: CUMPLE | BB48: 21 | BC48: 630.7 | BD48: 630 | BF48: Concreto Ciclópeo (Concreto Clase D f'c = 21 MPa 60% concreto - 40% agregado ciclópeo). | BH48: m3 | BI48: 232.2 | BJ48: 624621.04 | BK48: =+ROUND(BJ48*BI48,0) -> 145037005 | BM48: CUMPLE | BO48: 21 | BP48: 630.7 | BQ48: 630 | BS48: Concreto Ciclópeo (Concreto Clase D f'c = 21 MPa 60% concreto - 40% agregado ciclópeo). | BU48: m3 | BV48: 232.2 | BW48: 623737 | BX48: =+ROUND(BW48*BV48,0) -> 144831731 | BZ48: CUMPLE
B49: 22 | C49: 640.1 | D49: 640 | F49: Acero de refuerzo de FY = 4.200 Kg/cm 2 (60.000 PSI). | H49: kg | I49: 24336 | J49: 8105 | K49: =+ROUND(J49*I49,0) -> 197243280 | M49: CUMPLE | O49: 22 | P49: 640.1 | Q49: 640 | S49: Acero de refuerzo de FY = 4.200 Kg/cm 2 (60.000 PSI). | U49: kg | V49: 24336 | W49: 7400 | X49: =+ROUND(W49*V49,0) -> 180086400 | Z49: CUMPLE | AB49: 22 | AC49: 640.1 | AD49: 640 | AF49: Acero de refuerzo de FY = 4.200 Kg/cm 2 (60.000 PSI). | AH49: kg | AI49: 24336 | AJ49: 7722.444 | AK49: =+ROUND((AI49*AJ49),0) -> 187933397 | AO49: 22 | AP49: 640.1 | AQ49: 640 | AS49: Acero de refuerzo de FY = 4.200 Kg/cm 2 (60.000 PSI). | AU49: kg | AV49: 24336 | AW49: 7771 | AX49: =+ROUND(AW49*AV49,0) -> 189115056 | AZ49: CUMPLE | BB49: 22 | BC49: 640.1 | BD49: 640 | BF49: Acero de refuerzo de FY = 4.200 Kg/cm 2 (60.000 PSI). | BH49: kg | BI49: 24336 | BJ49: 7730.95 | BK49: =+ROUND(BJ49*BI49,0) -> 188140399 | BM49: CUMPLE | BO49: 22 | BP49: 640.1 | BQ49: 640 | BS49: Acero de refuerzo de FY = 4.200 Kg/cm 2 (60.000 PSI). | BU49: kg | BV49: 24336 | BW49: 7850 | BX49: =+ROUND(BW49*BV49,0) -> 191037600 | BZ49: CUMPLE
B50: Subtotal | K50: =SUM(K44:L49) -> 973671436 | O50: Subtotal | X50: =SUM(X44:Y49) -> 958189200 | AB50: Subtotal | AK50: =SUM(AK44:AL49) -> 981448723 | AO50: Subtotal | AX50: =SUM(AX44:AY49) -> 987582121 | BB50: Subtotal | BK50: =SUM(BK44:BL49) -> 982530192 | BO50: Subtotal | BX50: =SUM(BX44:BY49) -> 980146726
B52: VI. CARACTERIZACIÓN VIAL | O52: VI. CARACTERIZACIÓN VIAL | AB52: VI. CARACTERIZACIÓN VIAL | AO52: VI. CARACTERIZACIÓN VIAL | BB52: VI. CARACTERIZACIÓN VIAL | BO52: VI. CARACTERIZACIÓN VIAL
B53: =B49+1 -> 23 | F53: Caracaterización del corredor | H53: glb | I53: 7 | J53: 1000000 | K53: =+ROUND(J53*I53,0) -> 7000000 | M53: CUMPLE | O53: =O49+1 -> 23 | S53: Caracaterización del corredor | U53: glb | V53: 7 | W53: 1000000 | X53: =+ROUND(W53*V53,0) -> 7000000 | Z53: CUMPLE | AB53: =AB49+1 -> 23 | AF53: Caracaterización del corredor | AH53: glb | AI53: 7 | AJ53: 953000 | AK53: =+ROUND((AI53*AJ53),0) -> 6671000 | AO53: =AO49+1 -> 23 | AS53: Caracaterización del corredor | AU53: glb | AV53: 7 | AW53: 958746 | AX53: =+ROUND(AW53*AV53,0) -> 6711222 | AZ53: CUMPLE | BB53: 23 | BF53: Caracaterización del corredor | BH53: glb | BI53: 7 | BJ53: 953850 | BK53: =+ROUND(BJ53*BI53,0) -> 6676950 | BM53: CUMPLE | BO53: 23 | BS53: Caracaterización del corredor | BU53: glb | BV53: 7 | BW53: 1000000 | BX53: =+ROUND(BW53*BV53,0) -> 7000000 | BZ53: CUMPLE
B55: SUB-TOTAL BÁSICO DE OBRA | K55: =K24+K33+K41+K50+K53 -> 1031504692 | O55: SUB-TOTAL BÁSICO DE OBRA | X55: =X24+X33+X41+X50+X53 -> 1015166797 | AB55: SUB-TOTAL BÁSICO DE OBRA | AK55: =+AK41+AK33+AK24+AK53+AK50 -> 1036050751 | AO55: SUB-TOTAL BÁSICO DE OBRA | AX55: =AX24+AX33+AX41+AX50+AX53 -> 1043029986 | BB55: SUB-TOTAL BÁSICO DE OBRA | BK55: =BK24+BK33+BK41+BK50+BK53 -> 1037694439 | BO55: SUB-TOTAL BÁSICO DE OBRA | BX55: =BX24+BX33+BX41+BX50+BX53 -> 1035723153
B56: OBRAS DE COMPENSACIÓN AMBIENTAL Y/O COMPLEMENTARIAS (PAGA) | K56: 9117148.2 | M56: CUMPLE | O56: OBRAS DE COMPENSACIÓN AMBIENTAL Y/O COMPLEMENTARIAS (PAGA) | X56: 9117148.2 | Z56: CUMPLE | AB56: OBRAS DE COMPENSACIÓN AMBIENTAL Y/O COMPLEMENTARIAS (PAGA) | AK56: 9117148.2 | AO56: OBRAS DE COMPENSACIÓN AMBIENTAL Y/O COMPLEMENTARIAS (PAGA) | AX56: 9117148.2 | AZ56: CUMPLE | BB56: OBRAS DE COMPENSACIÓN AMBIENTAL Y/O COMPLEMENTARIAS (PAGA) | BK56: 9117148.2 | BM56: CUMPLE | BO56: OBRAS DE COMPENSACIÓN AMBIENTAL Y/O COMPLEMENTARIAS (PAGA) | BX56: 9117148.2 | BZ56: CUMPLE
B57: REVISIÓN Y/O AJUSTES A ESTUDIOS Y DISEÑOS (Placa Huella, Pavimento y Estructuras de Drenaje) | K57: 37550000 | M57: CUMPLE | O57: REVISIÓN Y/O AJUSTES A ESTUDIOS Y DISEÑOS (Placa Huella, Pavimento y Estructuras de Drenaje) | X57: 37550000 | Z57: CUMPLE | AB57: REVISIÓN Y/O AJUSTES A ESTUDIOS Y DISEÑOS (Placa Huella, Pavimento y Estructuras de Drenaje) | AK57: 37550000 | AO57: REVISIÓN Y/O AJUSTES A ESTUDIOS Y DISEÑOS (Placa Huella, Pavimento y Estructuras de Drenaje) | AX57: 37550000 | AZ57: CUMPLE | BB57: REVISIÓN Y/O AJUSTES A ESTUDIOS Y DISEÑOS (Placa Huella, Pavimento y Estructuras de Drenaje) | BK57: 37550000 | BM57: CUMPLE | BO57: REVISIÓN Y/O AJUSTES A ESTUDIOS Y DISEÑOS (Placa Huella, Pavimento y Estructuras de Drenaje) | BX57: 37550000 | BZ57: CUMPLE
B58: IVA - REVISIÓN, AJUSTE Y/O ACTUALIZACIÓN Y/O MODIFICACIÓN Y/O COMPLEMENTACIÓN DE ESTUDIOS Y DISEÑOS | K58: =ROUND(K57*19%,0) -> 7134500 | O58: IVA - REVISIÓN, AJUSTE Y/O ACTUALIZACIÓN Y/O MODIFICACIÓN Y/O COMPLEMENTACIÓN DE ESTUDIOS Y DISEÑOS | X58: =ROUND(X57*19%,0) -> 7134500 | AB58: IVA - REVISIÓN, AJUSTE Y/O ACTUALIZACIÓN Y/O MODIFICACIÓN Y/O COMPLEMENTACIÓN DE ESTUDIOS Y DISEÑOS | AK58: =ROUND(AK57*19%,0) -> 7134500 | AO58: IVA - REVISIÓN, AJUSTE Y/O ACTUALIZACIÓN Y/O MODIFICACIÓN Y/O COMPLEMENTACIÓN DE ESTUDIOS Y DISEÑOS | AX58: =ROUND(AX57*19%,0) -> 7134500 | BB58: IVA - REVISIÓN, AJUSTE Y/O ACTUALIZACIÓN Y/O MODIFICACIÓN Y/O COMPLEMENTACIÓN DE ESTUDIOS Y DISEÑOS | BK58: =ROUND(BK57*19%,0) -> 7134500 | BO58: IVA - REVISIÓN, AJUSTE Y/O ACTUALIZACIÓN Y/O MODIFICACIÓN Y/O COMPLEMENTACIÓN DE ESTUDIOS Y DISEÑOS | BX58: =ROUND(BX57*19%,0) -> 7134500
B59: TOTAL ESTUDIOS Y DISEÑOS, REVISIÓN, AJUSTE Y/O ACTUALIZACIÓN Y/O MODIFICACIÓN Y/O COMPLEMENTACIÓN DE ESTUDIOS Y DISEÑOS | K59: =K57+K58 -> 44684500 | O59: TOTAL ESTUDIOS Y DISEÑOS, REVISIÓN, AJUSTE Y/O ACTUALIZACIÓN Y/O MODIFICACIÓN Y/O COMPLEMENTACIÓN DE ESTUDIOS Y DISEÑOS | X59: =X57+X58 -> 44684500 | AB59: TOTAL ESTUDIOS Y DISEÑOS, REVISIÓN, AJUSTE Y/O ACTUALIZACIÓN Y/O MODIFICACIÓN Y/O COMPLEMENTACIÓN DE ESTUDIOS Y DISEÑOS | AK59: =AK57+AK58 -> 44684500 | AO59: TOTAL ESTUDIOS Y DISEÑOS, REVISIÓN, AJUSTE Y/O ACTUALIZACIÓN Y/O MODIFICACIÓN Y/O COMPLEMENTACIÓN DE ESTUDIOS Y DISEÑOS | AX59: =AX57+AX58 -> 44684500 | BB59: TOTAL ESTUDIOS Y DISEÑOS, REVISIÓN, AJUSTE Y/O ACTUALIZACIÓN Y/O MODIFICACIÓN Y/O COMPLEMENTACIÓN DE ESTUDIOS Y DISEÑOS | BK59: =BK57+BK58 -> 44684500 | BO59: TOTAL ESTUDIOS Y DISEÑOS, REVISIÓN, AJUSTE Y/O ACTUALIZACIÓN Y/O MODIFICACIÓN Y/O COMPLEMENTACIÓN DE ESTUDIOS Y DISEÑOS | BX59: =BX57+BX58 -> 44684500
B60: VALOR ACTIVIDADES MEJORAMIENTO | K60: =ROUND(K55+K56+K59,0) -> 1085306340 | O60: VALOR ACTIVIDADES MEJORAMIENTO | X60: =ROUND(X55+X56+X59,0) -> 1068968445 | AB60: VALOR ACTIVIDADES MEJORAMIENTO | AK60: =ROUND(AK55+AK56+AK59,0) -> 1089852399 | AO60: VALOR ACTIVIDADES MEJORAMIENTO | AX60: =ROUND(AX55+AX56+AX59,0) -> 1096831634 | BB60: VALOR ACTIVIDADES MEJORAMIENTO | BK60: =ROUND(BK55+BK56+BK59,0) -> 1091496087 | BO60: VALOR ACTIVIDADES MEJORAMIENTO | BX60: =ROUND(BX55+BX56+BX59,0) -> 1089524801
B62: SECCIÓN 2 - ITEMS DE OBRA - ACTIVIDADES DE MANTENIMIENTO PERIODICO | O62: SECCIÓN 2 - ITEMS DE OBRA - ACTIVIDADES DE MANTENIMIENTO PERIODICO | AB62: SECCIÓN 2 - ITEMS DE OBRA - ACTIVIDADES DE MANTENIMIENTO PERIODICO | AO62: SECCIÓN 2 - ITEMS DE OBRA - ACTIVIDADES DE MANTENIMIENTO PERIODICO | BB62: SECCIÓN 2 - ITEMS DE OBRA - ACTIVIDADES DE MANTENIMIENTO PERIODICO | BO62: SECCIÓN 2 - ITEMS DE OBRA - ACTIVIDADES DE MANTENIMIENTO PERIODICO
B63: VI. EXPLANACIONES | O63: VI. EXPLANACIONES | AB63: VI. EXPLANACIONES | AO63: VI. EXPLANACIONES | BB63: VI. EXPLANACIONES | BO63: VI. EXPLANACIONES
B64: MANTENIMIENTO | D64: 270 | E64: METROS DE VÍA EN SITIOS CRITICOS | O64: MANTENIMIENTO | Q64: 270 | R64: METROS DE VÍA EN SITIOS CRITICOS | AB64: MANTENIMIENTO | AD64: 270 | AE64: METROS DE VÍA EN SITIOS CRITICOS | AO64: MANTENIMIENTO | AQ64: 270 | AR64: METROS DE VÍA EN SITIOS CRITICOS | BB64: MANTENIMIENTO | BD64: 270 | BE64: METROS DE VÍA EN SITIOS CRITICOS | BO64: MANTENIMIENTO | BQ64: 270 | BR64: METROS DE VÍA EN SITIOS CRITICOS
B65: 24 | C65: 310.1 | D65: 310 | F65: Conformación de la calzada existente | H65: m2 | I65: =5*D64 -> 1350 | J65: 1985 | K65: =I65*J65 -> 2679750 | M65: CUMPLE | O65: 24 | P65: 310.1 | Q65: 310 | S65: Conformación de la calzada existente | U65: m2 | V65: =5*Q64 -> 1350 | W65: 1985 | X65: =V65*W65 -> 2679750 | Z65: CUMPLE | AB65: 24 | AC65: 310.1 | AD65: 310 | AF65: Conformación de la calzada existente | AH65: m2 | AI65: =5*AD64 -> 1350 | AJ65: 1891.5065 | AK65: =+ROUND((AI65*AJ65),0) -> 2553534 | AO65: 24 | AP65: 310.1 | AQ65: 310 | AS65: Conformación de la calzada existente | AU65: m2 | AV65: =5*AQ64 -> 1350 | AW65: 1903 | AX65: =ROUND(AV65*AW65,0) -> 2569050 | AZ65: CUMPLE | BB65: 24 | BC65: 310.1 | BD65: 310 | BF65: Conformación de la calzada existente | BH65: m2 | BI65: 1350 | BJ65: 1893.39 | BK65: =ROUND(BI65*BJ65,0) -> 2556077 | BM65: CUMPLE | BO65: 24 | BP65: 310.1 | BQ65: 310 | BS65: Conformación de la calzada existente | BU65: m2 | BV65: 1350 | BW65: 1891 | BX65: =ROUND(BV65*BW65,0) -> 2552850 | BZ65: CUMPLE
B66: 25 | C66: 210.2.2 | D66: 210 | F66: Excavación en material común de la explanación y canales | H66: m3 | I66: 550 | J66: 16149 | K66: =I66*J66 -> 8881950 | M66: CUMPLE | O66: 25 | P66: 210.2.2 | Q66: 210 | S66: Excavación en material común de la explanación y canales | U66: m3 | V66: 550 | W66: 16149 | X66: =V66*W66 -> 8881950 | Z66: CUMPLE | AB66: 25 | AC66: 210.2.2 | AD66: 210 | AF66: Excavación en material común de la explanación y canales | AH66: m3 | AI66: 550 | AJ66: 15388.382 | AK66: =+ROUND((AI66*AJ66),0) -> 8463610 | AO66: 25 | AP66: 210.2.2 | AQ66: 210 | AS66: Excavación en material común de la explanación y canales | AU66: m3 | AV66: 550 | AW66: 15483 | AX66: =ROUND(AV66*AW66,0) -> 8515650 | AZ66: CUMPLE | BB66: 25 | BC66: 210.2.2 | BD66: 210 | BF66: Excavación en material común de la explanación y canales | BH66: m3 | BI66: 550 | BJ66: 15403.72 | BK66: =ROUND(BI66*BJ66,0) -> 8472046 | BM66: CUMPLE | BO66: 25 | BP66: 210.2.2 | BQ66: 210 | BS66: Excavación en material común de la explanación y canales | BU66: m3 | BV66: 550 | BW66: 15382 | BX66: =ROUND(BV66*BW66,0) -> 8460100 | BZ66: CUMPLE
B67: 26 | C67: 311.1 | D67: 310 | F67: Afirmado | H67: m3 | I67: =ROUND(5*0.15*D64,0) -> 203 | J67: 177038 | K67: =I67*J67 -> 35938714 | M67: CUMPLE | O67: 26 | P67: 311.1 | Q67: 310 | S67: Afirmado | U67: m3 | V67: =ROUND(5*0.15*Q64,0) -> 203 | W67: 177038 | X67: =V67*W67 -> 35938714 | Z67: CUMPLE | AB67: 26 | AC67: 311.1 | AD67: 310 | AF67: Afirmado | AH67: m3 | AI67: =ROUND(5*0.15*AD64,0) -> 203 | AJ67: 168699.51 | AK67: =+ROUND((AI67*AJ67),0) -> 34246001 | AO67: 26 | AP67: 311.1 | AQ67: 310 | AS67: Afirmado | AU67: m3 | AV67: =ROUND(5*0.15*AQ64,0) -> 203 | AW67: 169734 | AX67: =ROUND(AV67*AW67,0) -> 34456002 | AZ67: CUMPLE | BB67: 26 | BC67: 311.1 | BD67: 310 | BF67: Afirmado | BH67: m3 | BI67: 203 | BJ67: 168867.7 | BK67: =ROUND(BI67*BJ67,0) -> 34280143 | BM67: CUMPLE | BO67: 26 | BP67: 311.1 | BQ67: 310 | BS67: Afirmado | BU67: m3 | BV67: 203 | BW67: 165000 | BX67: =ROUND(BV67*BW67,0) -> 33495000 | BZ67: CUMPLE
B68: Subtotal | K68: =SUM(K65:L67) -> 47500414 | O68: Subtotal | X68: =SUM(X65:Y67) -> 47500414 | AB68: Subtotal | AK68: =SUM(AK65:AL67) -> 45263145 | AO68: Subtotal | AX68: =SUM(AX65:AY67) -> 45540702 | BB68: Subtotal | BK68: =SUM(BK65:BL67) -> 45308266 | BO68: Subtotal | BX68: =SUM(BX65:BY67) -> 44507950
B70: SUB-TOTAL BÁSICO DE OBRA | K70: =K68 -> 47500414 | O70: SUB-TOTAL BÁSICO DE OBRA | X70: =X68 -> 47500414 | AB70: SUB-TOTAL BÁSICO DE OBRA | AK70: =AK68 -> 45263145 | AO70: SUB-TOTAL BÁSICO DE OBRA | AX70: =AX68 -> 45540702 | BB70: SUB-TOTAL BÁSICO DE OBRA | BK70: =BK68 -> 45308266 | BO70: SUB-TOTAL BÁSICO DE OBRA | BX70: =BX68 -> 44507950
B71: OBRAS DE COMPENSACIÓN AMBIENTAL Y/O COMPLEMENTARIAS (PAGA) | K71: 2499586 | M71: CUMPLE | O71: OBRAS DE COMPENSACIÓN AMBIENTAL Y/O COMPLEMENTARIAS (PAGA) | X71: 2499586 | Z71: CUMPLE | AB71: OBRAS DE COMPENSACIÓN AMBIENTAL Y/O COMPLEMENTARIAS (PAGA) | AK71: 2499586 | AO71: OBRAS DE COMPENSACIÓN AMBIENTAL Y/O COMPLEMENTARIAS (PAGA) | AX71: 2499586 | AZ71: CUMPLE | BB71: OBRAS DE COMPENSACIÓN AMBIENTAL Y/O COMPLEMENTARIAS (PAGA) | BK71: 2499586 | BM71: CUMPLE | BO71: OBRAS DE COMPENSACIÓN AMBIENTAL Y/O COMPLEMENTARIAS (PAGA) | BX71: 2499586 | BZ71: CUMPLE
B72: VALOR ACTIVIDADES MANTENIMIENTO PERIODICO | K72: =K70+K71 -> 50000000 | O72: VALOR ACTIVIDADES MANTENIMIENTO PERIODICO | X72: =X70+X71 -> 50000000 | AB72: VALOR ACTIVIDADES MANTENIMIENTO PERIODICO | AK72: =AK70+AK71 -> 47762731 | AO72: VALOR ACTIVIDADES MANTENIMIENTO PERIODICO | AX72: =AX70+AX71 -> 48040288 | BB72: VALOR ACTIVIDADES MANTENIMIENTO PERIODICO | BK72: =BK70+BK71 -> 47807852 | BO72: VALOR ACTIVIDADES MANTENIMIENTO PERIODICO | BX72: =BX70+BX71 -> 47007536
B74: IVA SOBRE UTILIDAD (U) 19% | K74: =ROUND(19%*K83*((K55+K70)/1.3),0) -> 7885037 | O74: IVA SOBRE UTILIDAD (U) 19% | X74: =ROUND(19%*X83*((X55+X70)/1.3),0) -> 7765645 | AB74: IVA SOBRE UTILIDAD (U) 19% | AK74: =ROUND(19%*AK83*((AK55+AK70)/1.3),0) -> 7901909 | AO74: IVA SOBRE UTILIDAD (U) 19% | AX74: =ROUND(19%*AX83*((AX55+AX70)/1.3),0) -> 7954940 | BB74: IVA SOBRE UTILIDAD (U) 19% | BK74: =ROUND(19%*BK83*((BK55+BK70)/1.3),0) -> 7914251 | BO74: IVA SOBRE UTILIDAD (U) 19% | BX74: =ROUND(19%*BX83*((BX55+BX70)/1.3),0) -> 6315197
B75: VALOR TOTAL MEJORAMIENTO Y MANTENIMIENTO PERIODICO | K75: =ROUND(K60+K72+K74,0) -> 1143191377 | M75: CUMPLE | O75: VALOR TOTAL MEJORAMIENTO Y MANTENIMIENTO PERIODICO | X75: =ROUND(X60+X72+X74,0) -> 1126734090 | Z75: CUMPLE | AB75: VALOR TOTAL MEJORAMIENTO Y MANTENIMIENTO PERIODICO | AK75: =AK60+AK72+AK74 -> 1145517039 | AO75: VALOR TOTAL MEJORAMIENTO Y MANTENIMIENTO PERIODICO | AX75: =ROUND(AX60+AX72+AX74,0) -> 1152826862 | AZ75: CUMPLE | BB75: VALOR TOTAL MEJORAMIENTO Y MANTENIMIENTO PERIODICO | BK75: =ROUND(BK60+BK72+BK74,0) -> 1147218190 | BM75: CUMPLE | BO75: VALOR TOTAL MEJORAMIENTO Y MANTENIMIENTO PERIODICO | BX75: =ROUND(BX60+BX72+BX74,0) -> 1142847534 | BZ75: CUMPLE
H80: DESCRIPCION | K80: PORCENTAJE | U80: DESCRIPCION | X80: PORCENTAJE | AH80: DESCRIPCION | AK80: PORCENTAJE | AU80: DESCRIPCION | AX80: PORCENTAJE | BH80: DESCRIPCION | BK80: PORCENTAJE | BU80: DESCRIPCION | BX80: PORCENTAJE
H81: ADMINISTRACION | J81: A= | K81: 0.2 | L81: CUMPLE | U81: ADMINISTRACION | W81: A= | X81: 0.2 | Y81: CUMPLE | AH81: ADMINISTRACION | AJ81: A= | AK81: 0.2 | AL81: CUMPLE | AU81: ADMINISTRACION | AW81: A= | AX81: 0.2 | AY81: CUMPLE | BH81: ADMINISTRACION | BJ81: A= | BK81: 0.2 | BL81: CUMPLE | BU81: ADMINISTRACION | BW81: A= | BX81: 0.22 | BY81: CUMPLE
H82: IMPREVISTO | J82: I= | K82: 0.05 | L82: CUMPLE | U82: IMPREVISTO | W82: I= | X82: 0.05 | Y82: CUMPLE | AH82: IMPREVISTO | AJ82: I= | AK82: 0.05 | AL82: CUMPLE | AU82: IMPREVISTO | AW82: I= | AX82: 0.05 | AY82: CUMPLE | BH82: IMPREVISTO | BJ82: I= | BK82: 0.05 | BL82: CUMPLE | BU82: IMPREVISTO | BW82: I= | BX82: 0.04 | BY82: CUMPLE
H83: UTILIDAD | J83: U= | K83: 0.05 | L83: CUMPLE | U83: UTILIDAD | W83: U= | X83: 0.05 | Y83: CUMPLE | AH83: UTILIDAD | AJ83: U= | AK83: 0.05 | AL83: CUMPLE | AU83: UTILIDAD | AW83: U= | AX83: 0.05 | AY83: CUMPLE | BH83: UTILIDAD | BJ83: U= | BK83: 0.05 | BL83: CUMPLE | BU83: UTILIDAD | BW83: U= | BX83: 0.04 | BY83: CUMPLE
H84: TOTAL A.I.U | J84: A.I.U.= | K84: =SUM(K81:K83) -> 0.3 | L84: CUMPLE | U84: TOTAL A.I.U | W84: A.I.U.= | X84: =SUM(X81:X83) -> 0.3 | Y84: CUMPLE | AH84: TOTAL A.I.U | AJ84: A.I.U.= | AK84: =SUM(AK81:AK83) -> 0.3 | AL84: CUMPLE | AU84: TOTAL A.I.U | AW84: A.I.U.= | AX84: =SUM(AX81:AX83) -> 0.3 | AY84: CUMPLE | BH84: TOTAL A.I.U | BJ84: A.I.U.= | BK84: 0.3 | BL84: CUMPLE | BU84: TOTAL A.I.U | BW84: A.I.U.= | BX84: =SUM(BX81:BX83) -> 0.3 | BY84: CUMPLE

Sheet PUNTAJE OFERTA
B1: INSTITUTO NACIONAL DE VÍAS
B2: SA-MC-DT-BOL-001-2024
B3: DETERMINACIÓN DEL PUNTAJE POR VALOR DE LA PROPUESTA
B5: MODULO A EJECUTAR | C5: Determinación del Método para la Ponderación de la Propuesta Económica | J5: 45478
C6: TRM DEL SEGUNDO DIA HABIL DESPUES DEL CIERRE DEL PROCESO | I6: Valor = | J6: 4096.09
B7: 1 | I7: CENTESIMAS = | J7: 09
C8: MÉTODO DE PONDERACIÓN = | F8: MEDIANA CON VALOR ABSOLUTO
B10: Parámetros para la ponderación de la propuesta económica
I11: Número de propuestas válidas | J11: =COUNT(F29:F35) -> 5
I12: Mínimo | J12: =MIN(F29:F35) -> 1142847534
I13: Máximo | J13: =MAX(F29:F35) -> 1152826862
I14: Media Aritmética = X | J14: =AVERAGE(F29:F35) -> 1.1463202e+09
I15: Mediana= Me | J15: =MEDIAN(F29:F35) -> 1145517039
I16: Desviación estandar= | J16: =_xlfn.STDEV.P(F29:F35) -> 3623176.7
I17: Valor minimo aceptable | J17: =J15-J16 -> 1.1418939e+09
I18: Puntaje por Experiencia | J18: 59.5
B20: 1. Mediana con Valor Absoluto
B21: ¿Número de Propuestas Válidas es Par o Impar? | J21: Impar
B22: Valor de la Propuesta Inmediatamente por debajo del Valor de la Mediana | J22: =F29 -> 1143191377
C25: PROP. No. | D25: PROPONENTE | F25: VALOR OFERTA ECONOMICA CORREGIDA | G25: PUNTAJE OFERTA ECONOMICA
F27: ($) | AC27: MEDIANA | AG27: MEDIA GEOMETRICA
C29: 1 | D29: ARMELCO SAS | F29: 1143191377 | G29: =(1-(ABS(($J$15-F29)/$J$15)))*$J$18 -> 59.379201
C30: 2 | D30: CONSORCIO ODN3C-01 | E30: DESCARTADO | F30: DESCARTADO
C31: 3 | D31: PANAMERA SAS | F31: 1145517039 | G31: =(1-(ABS(($J$15-F31)/$J$15)))*$J$18 -> 59.5
C32: 4 | D32: DAVILA GOMEZ INGENIERIA Y CONSTRUCCION S.A.S | F32: 1152826862 | G32: =(1-(ABS(($J$15-F32)/$J$15)))*$J$18 -> 59.120316
C33: 5 | D33: CONSORCIO INFRAESTRUCTURA 2024 | F33: 1147218190 | G33: =(1-(ABS(($J$15-F33)/$J$15)))*$J$18 -> 59.411639
B34: * | C34: 6 | D34: CONSORCIO JC | E34: DESCARTADO | F34: DESCARTADO
C35: 7 | D35: SONA INGENIEROS SAS | F35: 1142847534 | G35: =(1-(ABS(($J$15-F35)/$J$15)))*$J$18 -> 59.361342
B48: 0

Sheet ELEGIBILIDAD
C4: CUADRO No. 4
C5: RESÚMEN DE LA PONDERACIÓN OTORGADA | O5: CUADRO No. 5
C7: CONSECUTIVO | D7: PROPUESTA NUMERO | E7: PROPONENTE | F7: PUNTAJES OTORGADOS A LOS SIGUIENTES CRITERIOS: | K7: PUNTAJE DEFINITIVO | O7: ORDEN DE ELEGIBILIDAD
F8: Oferta economica | G8: Factor de Calidad | H8: Apoyo a la industria nacional | I8: Emprendimiento y empresas de mujeres | J8: Mipyme
N9: JERARQUIA | O9: Orden | P9: PROPONENTE | Q9: Número Propuesta | R9: PUNTAJE
C11: 1 | D11: ='PUNTAJE OFERTA'!C29 -> 1 | E11: ='PUNTAJE OFERTA'!D29 -> ARMELCO SAS | F11: ='PUNTAJE OFERTA'!G29 -> 59.379201 | G11: 20 | H11: 20 | I11: 0.25 | J11: 0.25 | K11: =SUM(F11:J11) -> 99.879201 | L11: 1 | N11: =RANK(K11,$K$11:$K$18,0) -> 3 | O11: 1 | P11: =IF(O11="","",OFFSET($E$10,MATCH(C11,$N$11:$N$215,0),0)) -> PANAMERA SAS | Q11: =IF(P11="","",VLOOKUP(P11,$E$11:$L$211,8,FALSE)) -> 3 | R11: =IF(P11="","",VLOOKUP(P11,$E$11:$K$211,7,FALSE)) -> 100
C12: 2 | D12: ='PUNTAJE OFERTA'!C30 -> 2 | E12: ='PUNTAJE OFERTA'!D30 -> CONSORCIO ODN3C-01 | F12: ='PUNTAJE OFERTA'!G30 -> 0 | G12: 0 | H12: 0 | I12: 0 | J12: 0 | K12: =SUM(F12:J12) -> 0 | L12: 2 | N12: =RANK(K12,$K$11:$K$18,0) -> 6 | O12: =O11+1 -> 2 | P12: =IF(O12="","",OFFSET($E$10,MATCH(C12,$N$11:$N$215,0),0)) -> CONSORCIO INFRAESTRUCTURA 2024 | Q12: =IF(P12="","",VLOOKUP(P12,$E$11:$L$211,8,FALSE)) -> 5 | R12: =IF(P12="","",VLOOKUP(P12,$E$11:$K$211,7,FALSE)) -> 99.911639
C13: 3 | D13: ='PUNTAJE OFERTA'!C31 -> 3 | E13: ='PUNTAJE OFERTA'!D31 -> PANAMERA SAS | F13: ='PUNTAJE OFERTA'!G31 -> 59.5 | G13: 20 | H13: 20 | I13: 0.25 | J13: 0.25 | K13: =SUM(F13:J13) -> 100 | L13: 3 | N13: =RANK(K13,$K$11:$K$18,0) -> 1 | O13: =O12+1 -> 3 | P13: =IF(O13="","",OFFSET($E$10,MATCH(C13,$N$11:$N$215,0),0)) -> ARMELCO SAS | Q13: =IF(P13="","",VLOOKUP(P13,$E$11:$L$211,8,FALSE)) -> 1 | R13: =IF(P13="","",VLOOKUP(P13,$E$11:$K$211,7,FALSE)) -> 99.879201
C14: 4 | D14: ='PUNTAJE OFERTA'!C32 -> 4 | E14: ='PUNTAJE OFERTA'!D32 -> DAVILA GOMEZ INGENIERIA Y CONSTRUCCION S.A.S | F14: ='PUNTAJE OFERTA'!G32 -> 59.120316 | G14: 20 | H14: 20 | I14: 0.25 | J14: 0.25 | K14: =SUM(F14:J14) -> 99.620316 | L14: 4 | N14: =RANK(K14,$K$11:$K$18,0) -> 5 | O14: =O13+1 -> 4 | P14: =IF(O14="","",OFFSET($E$10,MATCH(C14,$N$11:$N$215,0),0)) -> SONA INGENIEROS SAS | Q14: =IF(P14="","",VLOOKUP(P14,$E$11:$L$211,8,FALSE)) -> 7 | R14: =IF(P14="","",VLOOKUP(P14,$E$11:$K$211,7,FALSE)) -> 99.861342
C15: 5 | D15: ='PUNTAJE OFERTA'!C33 -> 5 | E15: ='PUNTAJE OFERTA'!D33 -> CONSORCIO INFRAESTRUCTURA 2024 | F15: ='PUNTAJE OFERTA'!G33 -> 59.411639 | G15: 20 | H15: 20 | I15: 0.25 | J15: 0.25 | K15: =SUM(F15:J15) -> 99.911639 | L15: 5 | N15: =RANK(K15,$K$11:$K$18,0) -> 2 | O15: =O14+1 -> 5 | P15: =IF(O15="","",OFFSET($E$10,MATCH(C15,$N$11:$N$215,0),0)) -> DAVILA GOMEZ INGENIERIA Y CONSTRUCCION S.A.S | Q15: =IF(P15="","",VLOOKUP(P15,$E$11:$L$211,8,FALSE)) -> 4 | R15: =IF(P15="","",VLOOKUP(P15,$E$11:$K$211,7,FALSE)) -> 99.620316
C16: 6 | D16: ='PUNTAJE OFERTA'!C34 -> 6 | E16: ='PUNTAJE OFERTA'!D34 -> CONSORCIO JC | F16: 0 | G16: 0 | H16: 0 | I16: 0 | J16: 0 | K16: =SUM(F16:J16) -> 0 | L16: 6 | N16: =RANK(K16,$K$11:$K$18,0) -> 6 | O16: =O15+1 -> 6 | P16: =IF(O16="","",OFFSET($E$10,MATCH(C16,$N$11:$N$215,0),0)) -> CONSORCIO ODN3C-01 | Q16: =IF(P16="","",VLOOKUP(P16,$E$11:$L$211,8,FALSE)) -> 2 | R16: =IF(P16="","",VLOOKUP(P16,$E$11:$K$211,7,FALSE)) -> 0
C17: 7 | D17: ='PUNTAJE OFERTA'!C35 -> 7 | E17: ='PUNTAJE OFERTA'!D35 -> SONA INGENIEROS SAS | F17: ='PUNTAJE OFERTA'!G35 -> 59.361342 | G17: 20 | H17: 20 | I17: 0.25 | J17: 0.25 | K17: =SUM(F17:J17) -> 99.861342 | L17: 7 | N17: =RANK(K17,$K$11:$K$18,0) -> 4 | O17: =O16+1 -> 7 | P17: =E16 -> CONSORCIO JC | Q17: =IF(P17="","",VLOOKUP(P17,$E$11:$L$211,8,FALSE)) -> 6 | R17: =IF(P17="","",VLOOKUP(P17,$E$11:$K$211,7,FALSE)) -> 0
